 Dungeon Crawl Stone Soup version 0.19.5 (webtiles) character file.

1700 Monsterracer the Cleaver (level 8, -3/69 HPs)
             Began as a Deep Dwarf Fighter on May 1, 2017.
             Slain by an orc
             ... wielding a +0 trident
              (6 damage)
             ... on level 6 of the Dungeon.
             The game lasted 00:15:24 (3678 turns).

Monsterracer the Cleaver (Deep Dwarf Fighter)       Turns: 3678, Time: 00:15:26

Health: -3/69      AC: 10    Str: 23    XL:     8   Next: 73%
Magic:  8/8        EV:  9    Int: 10    God:
Gold:   265        SH: 10    Dex: 16    Spells: 0 memorised, 7 levels left

rFire  . . .     SeeInvis .     g - +1 war axe "Teeteaw" {venom, Str+4 Dex+2}
rCold  . . .     Gourm    .     b - +0 scale mail
rNeg   . . .     Faith    .     c - +0 shield
rPois  .         Spirit   .     (no helmet)
rElec  .         Reflect  .     l - +0 cloak
rCorr  .         Harm     .     (no gloves)
MR     +....                    o - +1 pair of boots
Stlth  ..........               (no amulet)
                                (no ring)
                                (no ring)

@: very slightly contaminated, non-regenerating, hasted, very quick
A: damage resistance, recharge devices, sense surroundings 1, slow regeneration
3
a: Device Recharging


You were on level 6 of the Dungeon.
You were hungry.

You visited 1 branch of the dungeon, and saw 6 of its levels.

You collected 265 gold pieces.

Inventory:

Hand Weapons
 g - the +1 war axe "Teeteaw" (weapon) {venom, Str+4 Dex+2}
   (You found it on level 4 of the Dungeon)

   It poisons the flesh of those it strikes.
   It affects your strength (+4).
   It affects your dexterity (+2).
 k - a +1 hunting sling of freezing
Missiles
 m - 125 stones (quivered)
Armour
 b - a +0 scale mail (worn)
 c - a +0 shield (worn)
 l - a +0 cloak (worn)
 o - a +1 pair of boots (worn)
 w - a +0 chain mail
Wands
 e - a wand of heal wounds (6/9)
 i - a wand of slowing (20/48)
Scrolls
 h - 5 scrolls of identify
 n - 3 scrolls of remove curse
 p - 2 scrolls of enchant armour
 t - a scroll of blinking
 x - a scroll of recharging
Potions
 a - 2 potions of curing
Comestibles
 d - 7 chunks of flesh
 f - 3 bread rations
 j - a meat ration
 q - 3 fruits
 r - a royal jelly
 v - 2 slices of pizza


   Skills:
 + Level 3.5 Fighting
 * Level 9.7 Axes
 * Level 4.1 Slings
 + Level 4.7 Armour
 + Level 2.9 Dodging
 + Level 4.5 Shields


You had 7 spell levels left.
You didn't know any spells.

Dungeon Overview and Level Annotations

Branches:
Dungeon (6/15)
 Temple: D:4-7

Altars:
Cheibriados
Kikubaaqudgha
Ru
Trog


Innate Abilities, Weirdness & Mutations

You are resistant to damage.
You can recharge devices by infusing magical energy.
You passively map a small area around you.
You do not regenerate.


Message History

The orc priest is heavily wounded.
The orc priest calls down the wrath of Beogh upon you.
Beogh smites you!
* * * LOW HITPOINT WARNING * * *
You slash the orc priest!
You kill the orc priest!
The orc closely misses you.
You slash the orc priest!
The orc priest is severely wounded.
You block the orc's attack.
The orc priest calls down the wrath of Beogh upon you.
Pain shoots through your body!
* * * LOW HITPOINT WARNING * * *
You barely miss the orc priest.
The orc priest is severely wounded.
The orc priest calls down the wrath of Beogh upon you.
Pain shoots through your body!
* * * LOW HITPOINT WARNING * * *
The orc hits you from afar with a trident!
You die...

,, , * * * , ....# * , ,
.......# ## , ,
,.......###.. * , ,
........... * ,
****#+#........ *
#<#.......
######)#....###############
..............(.@o.........
......†#......####oo....#
..........########......###
..).......# ..............#
#.).......# #.....o......##
#.).......# #........;≈..#
........### #.....oo≈..≈.#
........# *≈...≈≈o.≈.$≈≈≈#
........# *
≈..≈..≈..≈..≈≈≈#


You could see 2 orc priests and an orc.

Vanquished Creatures
  Grinder (D:3)
  A sky beast (D:5)
  5 ogres
  2 centaurs
  A scorpion (D:5)
  4 howler monkeys
  A crimson imp (D:6)
  4 orc wizards
  3 orc priests
  A centaur skeleton (D:5)
  4 worker ants (D:4)
  A howler monkey zombie (D:5)
  3 gnolls (D:2)
  9 adders
  A shadow imp (D:5)
  An ooze (D:4)
  2 adder zombies (D:6)
  2 adder skeletons
  5 worms
  2 dart slugs
  6 leopard geckos
  8 orcs
  A ball python (D:2)
  2 bats
  A giant cockroach (D:1)
  11 goblins
  10 hobgoblins
  5 jackals
  4 kobolds
  6 quokkas
  9 frilled lizards
  A jackal zombie (D:5)
  7 rats
124 creatures vanquished.

Notes
Turn   | Place    | Note
-------+----------+-------------------------------------------
     0 | D:1      | Monsterracer the Deep Dwarf Fighter began the quest for the Orb.
     0 | D:1      | Reached XP level 1. HP: 20/20 MP: 1/1
   327 | D:1      | Reached skill level 3 in Axes
   327 | D:1      | Reached XP level 2. HP: 27/27 MP: 2/2
   990 | D:2      | Reached skill level 4 in Axes
   990 | D:2      | Reached XP level 3. HP: 20/33 MP: 3/3
  1137 | D:2      | Reached XP level 4. HP: 20/40 MP: 4/4
  1145 | D:2      | Reached skill level 5 in Axes
  1688 | D:3      | Reached XP level 5. HP: 37/46 MP: 5/5
  1733 | D:3      | Reached skill level 6 in Axes
  2027 | D:3      | Noticed Grinder
  2049 | D:3      | Killed Grinder
  2049 | D:3      | Reached skill level 7 in Axes
  2049 | D:3      | Reached XP level 6. HP: 36/55 MP: 6/6
  2394 | D:4      | Reached skill level 8 in Axes
  2394 | D:4      | Reached skill level 1 in Slings
  2403 | D:4      | Found an ancient bone altar of Kikubaaqudgha.
  2406 | D:4      | Got a crude war axe
  2410 | D:4      | Identified the +1 war axe "Teeteaw" {venom, Str+4 Dex+2} (You found it on level 4 of the Dungeon)
  2461 | D:4      | Reached XP level 7. HP: 23/61 MP: 7/7
  2811 | D:5      | Entered Level 5 of the Dungeon
  2828 | D:4      | Reached skill level 9 in Axes
  2828 | D:4      | Reached skill level 1 in Dodging
  2846 | D:4      | Reached XP level 8. HP: 35/69 MP: 8/8
  3044 | D:5      | Found a snail-covered altar of Cheibriados.
  3101 | D:5      | Found a bloodstained altar of Trog.
  3101 | D:5      | Found a sacrificial altar of Ru.
  3678 | D:6      | HP: 3/69 [orc priest/nerve-wracking pain (2)]
  3678 | D:6      | Slain by an orc

Skill      XL: |  1  2  3  4  5  6  7  8 |
---------------+-------------------------+-----
Axes           | 3 4 5 7 8 9 |  9.7
Slings         | 1 2 4 |  4.1
Dodging        | 1 2 |  2.9
Fighting       | 3 |  3.5
Shields        | 4 |  4.5
Armour         | 4 |  4.7

Action                   |  1- 3 |  4- 6 |  7- 9 || total
-------------------------+-------+-------+-------++-------
Melee: War axe           |    97 |   180 |   124 ||   401
 Fire: Hunting sling     |       |     6 |    27 ||    33
Throw: Stone             |       |     7 |       ||     7
       Throwing net      |       |       |     4 ||     4
Evoke: Wand              |       |     5 |     3 ||     8
  Use: Potion            |     4 |     5 |     4 ||    13
       Scroll            |       |    10 |     1 ||    11
 Stab: Held in net/web   |       |       |     4 ||     4
  Eat: Chunk             |     1 |     5 |     3 ||     9
Armor: Scale mail        |    26 |    78 |    33 ||   137
Dodge: Dodged            |    23 |    48 |    33 ||   104
Block: Shield            |    51 |    81 |    51 ||   183
